 Dungeon Crawl Stone Soup version 0.19.1-1-g22dce08 (webtiles) character file.

1331 Kwzr the Caller (level 8, -1/37 HPs)
             Began as a Vine Stalker Summoner on Jan 4, 2017.
             Was a Follower of Vehumet.
             Slain by a centaur (9 damage)
             ... on level 7 of the Dungeon on Jan 6, 2017.
             The game lasted 00:45:52 (5279 turns).

Kwzr the Caller (Vine Stalker Summoner)             Turns: 5279, Time: 00:45:53

Health: -1/37      AC:  3    Str: 20    XL:     8   Next: 60%
Magic:  0/16       EV: 13    Int: 26    God:    Vehumet [*.....]
Gold:   326        SH:  0    Dex: 15    Spells: 3 memorised, 10 levels left

rFire  + . .     SeeInvis .     y - +1 trident (vamp)
rCold  . . .     Gourm    .     h - +1 robe "Omol" {*Drain Str+8 Int+10}
rNeg   . . .     Faith    .     (no shield)
rPois  .         Spirit   +     (no helmet)
rElec  .         Reflect  .     (no cloak)
rCorr  .         Harm     .     (no gloves)
MR     +....                    (no boots)
Stlth  ++........               (no amulet)
                                u - ring of protection from fire
                                (no ring)

@: no status effects
A: fangs 3, regeneration 1, magic shield, antimagic bite, no device heal 3, rot
immunity
a: Renounce Religion


You were on level 7 of the Dungeon.
You worshipped Vehumet.
Vehumet was aware of your devotion.
You were not hungry.

You visited 2 branches of the dungeon, and saw 8 of its levels.

You collected 326 gold pieces.

Inventory:

Hand Weapons
 y - a +1 vampiric trident (weapon)
Missiles
 l - a throwing net
 n - 6 javelins (quivered)
 w - 112 stones
 G - 2 tomahawks
Armour
 g - a +0 leather armour
 h - the +1 robe "Omol" (worn) {*Drain Str+8 Int+10}
   (You found it on level 4 of the Dungeon)

   It affects your strength (+8).
   It affects your intelligence (+10).
   It causes draining when unequipped.
Jewellery
 k - an uncursed ring of fire
 u - a ring of protection from fire (right hand)
 C - an uncursed amulet of regeneration {unknown}
 F - an uncursed ring of see invisible {unknown}
Wands
 a - a wand of lightning (14/15)
 f - a wand of enslavement (9/24)
Scrolls
 i - 6 scrolls of remove curse
 p - a scroll of fog
 s - 2 scrolls of identify
 x - a scroll of fear
 B - a scroll of amnesia
 D - a scroll of immolation {unknown}
 I - a scroll of teleportation {unknown}
 J - a scroll of magic mapping
Potions
 d - 2 potions of cancellation
 e - a potion of agility
 j - a potion of haste
 q - 3 potions of invisibility {unknown}
 r - a potion of flight {unknown}
 v - 6 potions of curing {unknown}
 A - a potion of lignification {unknown}
 E - 2 potions of degeneration {unknown}
 H - a potion of brilliance
Books
 z - a book of Callings

   Spells                             Type                      Level
   a - Summon Small Mammal            Summoning                    1
   b - Call Imp                       Summoning                    2
   c - Call Canine Familiar           Summoning                    3
   d - Summon Guardian Golem          Hexes/Summoning              3
   e - Summon Lightning Spire         Summoning/Air                4
   f - Summon Ice Beast               Ice/Summoning                4
Comestibles
 b - a beef jerky
 c - 3 bread rations
 m - 2 royal jellies
 o - 2 meat rations
 t - a fruit
 K - 4 chunks of flesh


   Skills:
 - Level 1.0 Fighting
 - Level 2.2 Polearms
 - Level 1.0 Armour
 - Level 2.4 Dodging
 - Level 2.4 Stealth
 + Level 5.1 Spellcasting
 - Level 4.2 Conjurations
 - Level 5.6 Summonings
 - Level 5.0 Air Magic


You had 10 spell levels left.
You knew the following spells:

 Your Spells              Type           Power        Failure   Level  Hunger
a - Summon Lightning Spi  Summ/Air       ####....     10%         4    ###....
b - Magic Dart            Conj           ####         1%          1    None
z - Call Imp              Summ           #####...     1%          2    None


Dungeon Overview and Level Annotations

Branches:
Dungeon (7/15)             Temple (1/1) D:4

Altars:
Ashenzari
Cheibriados
Dithmenos
Elyvilon
Fedhas
Gozag
Hepliaklqana
Kikubaaqudgha
Makhleb
Nemelex Xobeh
Okawaru
Qazlal
Ru
Sif Muna
Trog
Uskayaw
Vehumet
Xom
Yredelemnul
Zin
The Shining One

Shops:
D:5 }


Innate Abilities, Weirdness & Mutations

You have razor-sharp teeth.
Your natural rate of healing is unusually fast.
When hurt, damage is shared between your health and your magic reserves.
Your bite disrupts and absorbs the magic of your enemies.
Potions and wands cannot restore your health.
You are immune to rotting.


Message History

A beastly little devil appears in a puff of flame.
Your crimson imp says, "I'm here!"
The centaur hits you!
* * * LOW HITPOINT WARNING * * *
The centaur misses you.
Your crimson imp hits the centaur.
You puncture the centaur!
You feel better.
Your bite misses the centaur.
The centaur is heavily wounded.
The centaur hits you.
* * * LOW HITPOINT WARNING * * *
Your crimson imp barely misses the centaur.
Your crimson imp blinks! x2
The centaur closely misses you.
You hit the centaur but do no damage. You bite the centaur.
You drain its power.
You feel invigorated.
The centaur is severely wounded.
The centaur barely misses you.
Your crimson imp hits the centaur.
You hit the centaur. Your bite misses the centaur.
The centaur is severely wounded.
The centaur hits you!
You die...

#. ..# ### ##.# #..
..#.# #.# #.#.# #.#
#.#.#
#.##c########.#.#####
#.>.@5§(...........5.
#..#.#§.......#.#####
#. #.#........#.## #
#.#.....(.<...#
#.#.....5.....####
#.#...............
#.#........#######
#.#######..# #..#


You could see a centaur and 2 friendly crimson imps.

Vanquished Creatures
  Duvessa (D:7)
  An ice beast (D:7)
  An ogre (D:5)
  A bullfrog (D:7)
  The ghost of M4edhros the Ruffian, a weakling TrBe of Trog (D:4)
  A scorpion (D:6)
  4 wights (D:6)
  A bullfrog zombie (D:6)
  A crimson imp (D:5)
  A bullfrog skeleton (D:7)
  Natasha (D:3)
  3 worker ants
  A killer bee zombie (D:5)
  3 gnolls (D:4)
  2 adders
  2 shadow imps
  An ooze (D:2)
  2 adder skeletons
  An adder zombie (D:3)
  A worm (D:3)
  A dart slug (D:1)
  7 leopard geckos
  5 orcs
  3 bats
  4 giant cockroaches
  4 goblins (D:2)
  6 hobgoblins
  7 jackals
  2 quokkas
  A ball python (D:3)
  7 frilled lizards
  5 kobolds
  4 rats
86 creatures vanquished.

Vanquished Creatures (collateral kills)
  A water moccasin (D:7)
  An ogre (D:3)
  A phantom (D:6)
  A bullfrog (D:6)
  Dowan (D:7)
  A wight (D:6)
  A bullfrog skeleton (D:5)
  2 hounds
  3 worker ants
  Natasha (D:3)
  3 orc wizards (D:3)
  A hound skeleton (D:4)
  A gnoll (D:4)
  2 adders
  A shadow imp (D:7)
  2 worms (D:2)
  6 orcs
  A ball python (D:2)
  3 goblins
  5 hobgoblins
  3 jackals
  4 kobolds
  A bat (D:3)
  2 frilled lizards (D:3)
48 creatures vanquished.

Grand Total: 134 creatures vanquished

Notes
Turn   | Place    | Note
-------+----------+-------------------------------------------
     0 | D:1      | Kwzr the Vine Stalker Summoner began the quest for the Orb.
     0 | D:1      | Reached XP level 1. HP: 9/9 MP: 4/4
   206 | D:1      | Reached XP level 2. HP: 14/14 MP: 3/6
   210 | D:1      | Learned a level 2 spell: Call Imp
   448 | D:1      | Reached skill level 1 in Fighting
   631 | D:2      | Reached XP level 3. HP: 17/18 MP: 6/8
   913 | D:2      | Reached skill level 1 in Polearms
  1450 | D:2      | Gained mutation: Your natural rate of healing is unusually fast. [Vine Stalker growth]
  1450 | D:2      | Reached XP level 4. HP: 17/22 MP: 9/9
  1590 | D:3      | Reached skill level 1 in Armour
  1590 | D:3      | Reached XP level 5. HP: 11/25 MP: 7/11
  1779 | D:3      | Noticed Natasha
  1796 | D:3      | Killed Natasha
  1931 | D:3      | Noticed an ogre
  1941 | D:3      | Killed an ogre
  1941 | D:3      | Reached XP level 6. HP: 30/30 MP: 4/13
  1989 | D:3      | Noticed Natasha
  1994 | D:3      | Killed Natasha
  2212 | D:4      | Found a staircase to the Ecumenical Temple.
  2231 | Temple   | Entered the Ecumenical Temple
  2370 | Temple   | Became a worshipper of Vehumet
  2397 | Temple   | Learned a level 4 spell: Summon Lightning Spire
  2427 | D:4      | Got a heavy robe
  2438 | D:4      | Identified the +1 robe "Omol" {*Drain Str+8 Int+10} (You found it on level 4 of the Dungeon)
  2511 | D:4      | Noticed M4edhros's ghost (weakling TrBe)
  2532 | D:4      | Killed M4edhros's ghost
  2532 | D:4      | Reached skill level 1 in Air Magic
  2920 | D:5      | Entered Level 5 of the Dungeon
  2978 | D:5      | Found Ifayrruh's Gadget Shoppe.
  3132 | D:5      | Reached XP level 7. HP: 33/33 MP: 14/14
  3816 | D:6      | Reached * piety under Vehumet
  3816 | D:6      | Offered knowledge of Magic Dart by Vehumet.
  4195 | D:6      | Reached skill level 5 in Summonings
  4246 | D:6      | Reached skill level 5 in Spellcasting
  4323 | D:6      | Gained mutation: You have razor-sharp teeth. [Vine Stalker growth]
  4323 | D:6      | Reached XP level 8. HP: 37/37 MP: 0/16
  4877 | D:7      | Reached skill level 5 in Air Magic
  4880 | D:7      | Learned a level 1 spell: Magic Dart
  5177 | D:7      | Noticed Dowan
  5178 | D:7      | Noticed Duvessa
  5183 | D:7      | Killed Duvessa
  5189 | D:7      | Killed Dowan
  5279 | D:7      | Slain by a centaur

Skill      XL: |  1  2  3  4  5  6  7  8 |
---------------+-------------------------+-----
Fighting       | 1 |  1.0
Polearms       | 1 2 |  2.2
Dodging        | 2 |  2.4
Spellcasting   | 3 4 5 |  5.1
Armour         | 1 |  1.0
Air Magic      | 3 4 5 |  5.0
Summonings     | 5 |  5.6
Conjurations   | 4 |  4.2
Stealth        | |  2.4

Action                   |  1- 3 |  4- 6 |  7- 9 || total
-------------------------+-------+-------+-------++-------
Melee: Spear             |   121 |    20 |       ||   141
       Bite              |    16 |    14 |    17 ||    47
       Trident           |       |    99 |   141 ||   240
Throw: Stone             |       |     2 |     6 ||     8
       Javelin           |       |       |     4 ||     4
 Cast: Summon Small Mamm |     7 |     4 |       ||    11
       Call Imp          |     9 |    36 |    49 ||    94
       Magic Dart        |       |       |     6 ||     6
       Summon Lightning  |       |       |     2 ||     2
  Use: Scroll            |       |    11 |     1 ||    12
       Potion            |       |     1 |       ||     1
 Stab: Sleeping          |    10 |     5 |     5 ||    20
       Distracted        |     1 |     1 |     1 ||     3
  Eat: Chunk             |     2 |     6 |     6 ||    14
       Royal jelly       |       |     2 |       ||     2
       Pizza             |       |     1 |       ||     1
       Fruit             |       |       |     2 ||     2
Armor: Leather armour    |    21 |     8 |       ||    29
       Robe              |       |     5 |    10 ||    15
Dodge: Dodged            |    39 |    52 |    48 ||   139
